 Dungeon Crawl Stone Soup version 0.19-a0-1268-g6c5d9f8 (webtiles) character file.

86453 4thArraOfDagon the Grappler (level 15, -12/134 HPs)
             Began as a Troll Gladiator on Aug 29, 2016.
             Was a High Priest of Nemelex Xobeh.
             Mangled by a saltling (16 damage)
             ... in the Desolation of Salt.
             The game lasted 01:00:56 (10451 turns).

4thArraOfDagon the Grappler (Troll Gladiator)      Turns: 10451, Time: 01:00:56

Health: -12/134    AC: 10    Str: 31    XL:     15   Next: 40%
Magic:  22/22      EV: 16    Int: 13    God:    Nemelex Xobeh [*****.]
Gold:   1598       SH:  9    Dex: 10    Spells: 1 memorised, 26 levels left

rFire  + . .     SeeInvis +       - Unarmed
rCold  + . .     Gourm    +     l - +0 troll leather armour
rNeg   . . .     Faith    .     x - -3 shield of the Lobster {rC+ Str+2 Int+2}
rPois  +         Spirit   .     a - +2 hat {SInv}
rElec  .         Dismiss  .     N - +2 cloak {MR+}
rCorr  .         Reflect  .     (gloves unavailable)
MR     +++..     Harm     .     (boots unavailable)
Stlth  ..........               (no amulet)
                                n - ring of Soishruig {rPois rF+ MR+ Stlth-}
                                C - +4 ring of evasion

@: drained
A: unfitting armour, antennae 1, claws 3, clever 1, deformed body, fast
metabolism 3, frail 1, gourmand, low mp 1, regeneration 1, shaggy fur 1, strong
1, tough skin 2, subdued magic 1, MP-powered wands
a: Triple Draw, Deal Four, Stack Five, Renounce Religion


You were in the Desolation of Salt.
You worshipped Nemelex Xobeh.
Nemelex Xobeh was extremely pleased with you.
You were not hungry.

You visited 4 branches of the dungeon, and saw 24 of its levels.
You also visited: Sewer, Bailey, Ice Cave and Desolation.

You collected 1724 gold pieces.
You spent 126 gold pieces at shops.

Inventory:

Hand Weapons
 v - a +0 blowgun
Missiles
 g - 4 large rocks (quivered)
 u - 4 curare-tipped needles
Armour
 a - a +2 hat of see invisible (worn)
 l - a +0 troll leather armour (worn)
 x - the -3 shield of the Lobster (worn) {rC+ Str+2 Int+2}
   (You found it in a bailey)

   It affects your strength (+2).
   It affects your intelligence (+2).
   It protects you from cold.
 y - a +0 hat of intelligence
 L - a +1 robe of fire resistance
 N - a +2 cloak of magic resistance (worn)
Magical Staves
 B - an uncursed staff of wizardry {!a}
Rods
 F - a +0 lightning rod (10/10)
   (You found it on level 1 of the Elven Halls)
Jewellery
 n - the ring of Soishruig (right claw) {rPois rF+ MR+ Stlth-}
   (You found it on level 14 of the Dungeon)

   [ring of protection from fire]

   It protects you from fire.
   It protects you from poison.
   It affects your resistance to hostile enchantments.
   It makes you less stealthy.
 C - a +4 ring of evasion (left claw)
 E - an uncursed ring of flight
 O - an uncursed ring of protection from magic
 T - an uncursed ring of ice
 Z - an uncursed ring of protection from fire
Wands
 b - a wand of iceblast (2/15)
 e - a wand of disintegration (8/24)
 p - a wand of paralysis (16/24)
 r - a wand of polymorph (8/24)
 A - a wand of acid (2/15)
 S - a wand of paralysis (7/24)
 W - a wand of iceblast (3/15)
Scrolls
 f - 7 scrolls of teleportation
 h - 5 scrolls of remove curse
 i - 3 scrolls of noise
 j - 3 scrolls of enchant armour
 m - 4 scrolls of silence {unknown}
 o - 2 scrolls of immolation
 s - 2 scrolls of enchant weapon {unknown}
 w - a scroll of fog {unknown}
 H - a scroll of vulnerability
 I - 2 scrolls of magic mapping
 J - a scroll of summoning {unknown}
 Q - 2 scrolls of amnesia
Potions
 q - 2 potions of resistance {unknown}
 z - 2 potions of beneficial mutation {unknown}
 D - a potion of brilliance
 K - 2 potions of ambrosia
Miscellaneous
 c - an ornate deck of summoning {drawn: 4}
 G - an ornate deck of summoning {drawn: 5}
 M - a plain deck of destruction {drawn: 6}
 P - a plain deck of summoning {drawn: 7}
 U - a plain deck of destruction {drawn: 7}
 V - a sack of spiders
 X - an ornate deck of destruction {drawn: 1}
 Y - a phial of floods
Comestibles
 d - 8 bread rations
 k - 4 meat rations


   Skills:
 - Level 10.0(9.9) Fighting
 - Level 1.7 Throwing
 + Level 7.3(7.2) Dodging
 - Level 10.0(9.9) Shields
 - Level 14.0(13.9) Unarmed Combat
 - Level 7.0 Spellcasting
 - Level 11.0(10.9) Invocations


You had 26 spell levels left.
You knew the following spells:

 Your Spells              Type           Power        Failure   Level  Hunger
a - Repel Missiles        Chrm/Air       #.....       24%         2    #......


Dungeon Overview and Level Annotations

Branches:
Dungeon (15/15)              Lair (6/6) D:9           Slime (0/5) Lair:5
    Orc (2/2) D:12            Elf (1/3) Orc:2
 Temple: D:4-7        Swamp: Lair:2-4    Shoals: Lair:2-4     Snake: Lair:2-4
 Spider: Lair:2-4    Vaults: D:13-14     Depths: D:15

Altars:
Gozag
Nemelex Xobeh
Beogh

Shops:
D:9 *   D:12 =   Orc:2 [([*:

Annotations:
D:13 Nessos


Innate Abilities, Weirdness & Mutations

You are too large for most types of armour.
You have claws for hands.
Your metabolism is lightning-fast.
You like to eat raw meat.
Your natural rate of healing is unusually fast.
You are covered in fur. (AC +1)
You have very tough skin. (AC +2)
You have a pair of small antennae on your head.
Your mind is acute. (Int +2)
Armour fits poorly on your strangely shaped body.
You are frail. (-10% HP)
Your magical capacity is low. (-10% MP)
Your muscles are strong. (Str +2)
Your spells are a little easier to cast, but a little less powerful.
You expend magic power (3 MP) to strengthen your wands.


Message History

The guardian serpent weaves intricate patterns with the tip of its tongue.
The halazid warlock blinks!
The crystal guardian blinks!
The saltling blinks!
The peacekeeper blinks!
The saltling barely misses you. The saltling closely misses you.
You block the saltling's attack. You block the peacekeeper's attack.
The peacekeeper claws you. The halazid warlock touches you!
You writhe in agony.
The crystal guardian hits you!!!
* * * LOW HITPOINT WARNING * * *
Your rakshasa hits the crystal guardian but does no damage.
Unknown command.
Unknown command.
Unknown command.
You scratch the crystal guardian.
The crystal guardian is severely damaged.
The saltling barely misses you. The saltling closely misses you.
The peacekeeper barely misses you. The peacekeeper claws you.
* * * LOW HITPOINT WARNING * * *
The saltling hits you!
You die...
Your body glows with a rainbow of weird colours and disappears.

............§... .......
...p......§§§§..........
8..8...S..§§§§§§ .......
#.....§§§.........
#§§...§§§§........
#§§...§§§§........
##.....§§§.........
#888...............
{#L@8...............
##8@....#..........
#R....##..........
#.................
#.................
.§.§§..............
..§§.§.............
###.. ......
.§§§§§.............
###..##....... .........


You could see a halazid warlock, a crystal guardian, a peacekeeper, 3 saltlings,
a friendly rakshasa and the friendly 4thArraOfDagon's illusion.

Vanquished Creatures
  A frost giant (IceCv)
  2 imperial myrmidons (Desolation)
  3 ragged hierophants (Desolation)
  A crystal guardian (Desolation)
  A hydra (D:11)
  2 catoblepae (Lair:6)
  5 peacekeepers
  Erica (D:9)
  A centaur warrior (D:14)
  An alligator (Lair:6)
  3 servants of whispers (Desolation)
  7 alligator snapping turtles (Desolation)
  A deep troll shaman (Lair:6)
  A dancing weapon (Elf:1)
  5 death yaks (Lair:6)
  A queen ant (Lair:6)
  4 orc high priests (Orc:2)
  A deep elf knight (Elf:1)
  A sixfirhy (Elf:1)
  2 fire crabs (Lair:6)
  3 skeletal warriors (D:14)
  An unseen horror (D:13)
  2 deep elf archers (Elf:1)
  2 wizards (Elf:1)
  A phantasmal warrior (D:15)
  5 hill giants
  5 orc knights
  A lindwurm (Lair:6)
  A griffon (Lair:4)
  4 deep elf magi (Elf:1)
  5 orc sorcerers (Orc:2)
  3 ugly things
  2 manticores
  A guardian serpent (Desolation)
  2 black mambas
  An ice statue (IceCv)
  8 elephants (Lair:6)
  5 spiny frogs
  A centaur zombie (D:11)
  A gargoyle (D:15)
  4 komodo dragons
  A kobold demonologist (D:14)
  11 polar bears (IceCv)
  3 trolls
  36 saltlings (Desolation)
  10 blink frogs (Lair:5)
  9 slime creatures
  A wyvern (Lair:6)
  A wraith (D:9)
  28 yaks
  2 basilisks (Lair:2)
  A hungry ghost (D:8)
  A mottled dragon (D:12)
  2 wargs
  5 vampire mosquitoes
  4 water moccasins
  A porcupine (Lair:2)
  2 black bears (Lair:6)
  An eye of draining (D:11)
  24 orc warriors
  4 ogres
  A phantom (D:11)
  15 wolves
  6 boggarts
  A centaur (D:6)
  5 crocodiles
  4 big kobolds
  A gnoll sergeant (D:6)
  4 giant frogs
  A wyvern skeleton (D:14)
  6 killer bees (D:9)
  An electric eel (Lair:6)
  A crimson imp (D:5)
  2 hounds (D:6)
  A jelly (D:9)
  20 orc priests
  18 orc wizards
  A giant frog skeleton (D:12)
  2 iguanas
  4 worker ants
  A hound zombie (D:7)
  A killer bee simulacrum (D:9)
  A worker ant zombie (D:5)
  9 gnolls (D:6)
  10 river rats (Lair:6)
  5 adders
  A white imp (D:9)
  An ufetubus (D:9)
  5 adder skeletons
  A worm (Sewer)
  2 giant geckos
  70 orcs
  A ball python (Sewer)
  A giant cockroach (Sewer)
  4 goblins (D:10)
  7 hobgoblins
  A quokka (D:5)
  A giant gecko skeleton (D:8)
  2 giant newts
  A jackal skeleton (D:4)
  15 kobolds
  A quokka skeleton (D:6)
  2 rats
486 creatures vanquished.

Vanquished Creatures (collateral kills)
  A storm dragon (Elf:1)
  A stone giant (Orc:2)
  A halazid warlock (Desolation)
  A hydra (Lair:6)
  A peacekeeper (Elf:1)
  3 servants of whispers (Desolation)
  A death yak (Lair:6)
  An orc high priest (Elf:1)
  A skeletal warrior (D:14)
  A deep elf knight (Elf:1)
  A sixfirhy (Elf:1)
  2 orc knights (Bailey)
  A deep elf mage (Elf:1)
  A guardian serpent (Desolation)
  Psyche (D:8)
  2 polar bears (IceCv)
  6 saltlings (Desolation)
  2 raiju (Elf:1)
  8 yaks
  A warg (Elf:1)
  A sky beast (D:4)
  2 orc warriors
  2 wolves (IceCv)
  A scorpion (D:4)
  3 orc priests
  A worker ant (D:4)
  An adder (D:4)
  2 river rats (Lair:6)
  A worm (D:4)
  10 orcs
  2 quokkas (D:4)
63 creatures vanquished.

Vanquished Creatures (others)
  A deep elf mage (Elf:1)
  A yak (Lair:6)
  3 river rats (Lair:6)
  A ball lightning (Elf:1)
  A plant (Lair:6)
7 creatures vanquished.

Grand Total: 556 creatures vanquished

Notes
Turn   | Place    | Note
-------+----------+-------------------------------------------
     0 | D:1      | 4thArraOfDagon the Troll Gladiator began the quest for the Orb.
     0 | D:1      | Reached XP level 1. HP: 19/19 MP: 0/0
   123 | D:2      | Reached XP level 2. HP: 25/28 MP: 1/1
   229 | D:3      | Found a faded altar of an unknown god.
   239 | D:3      | Reached skill level 4 in Unarmed Combat
   239 | D:3      | Reached XP level 3. HP: 33/35 MP: 2/2
   265 | D:3      | what we have here
   271 | D:3      | Became a worshipper of Nemelex Xobeh the Trickster
   271 | D:3      | Received a gift from Nemelex Xobeh
   271 | D:3      | Reached * piety under Nemelex Xobeh
   294 | D:4      | Noticed a sky beast
   314 | D:4      | Killed a sky beast
   314 | D:4      | Reached skill level 1 in Invocations
   314 | D:4      | Reached XP level 4. HP: 21/44 MP: 3/3
   325 | D:4      | Reached XP level 5. HP: 31/50 MP: 4/4
   332 | D:4      | Reached skill level 5 in Unarmed Combat
   404 | D:4      | Reached XP level 6. HP: 38/61 MP: 6/6
   517 | D:5      | Entered Level 5 of the Dungeon
   603 | D:5      | Reached skill level 6 in Unarmed Combat
   621 | D:5      | Found a glowing drain.
   630 | Sewer    | Entered a sewer
   775 | D:6      | Reached XP level 7. HP: 49/67 MP: 7/7
   848 | D:6      | Reached skill level 1 in Shields
   896 | D:6      | Reached skill level 7 in Unarmed Combat
  1035 | D:6      | Reached XP level 8. HP: 54/78 MP: 9/9
  1148 | D:6      | Turgon: I just saw a player dying in desolation
  1150 | D:6      | Reached ** piety under Nemelex Xobeh
  1174 | D:7      | 4thArraOfDagon: it was me
  1174 | D:7      | 4thArraOfDagon: :D
  1180 | D:7      | Turgon: Hard place for ranged attacks because of all these clouds
  1251 | D:7      | Turgon: http://crawl.xtahua.com/crawl/morgue/nublet/morgue-nublet-20160829-193122.txt
  1284 | D:8      | Turgon: Killed by resonance strike
  1284 | D:8      | 4thArraOfDagon: yea this place in undoable
  1284 | D:8      | 4thArraOfDagon: in open space
  1284 | D:8      | 4thArraOfDagon: you have to lure them to killing holes
  1288 | D:8      | Received a gift from Nemelex Xobeh
  1380 | D:8      | Noticed Psyche
  1389 | D:8      | Killed Psyche
  1389 | D:8      | Reached skill level 8 in Unarmed Combat
  1442 | D:9      | Noticed Erica
  1567 | D:9      | Found a staircase to the Lair.
  1608 | D:9      | Turgon: ?? resonance strike
  1611 | D:9      | beem: I don't have a page labeled resonance_strike in my learndb.
  1670 | D:9      | Turgon: ?? ragged hierophant
  1671 | D:9      | beem: ragged hierophant[1/1]: A bedraggled priest, once-fine robes now lined with salt and dust. Forsaken by their gods, they rely on constructs to protect themselves. Casts {injury bond} and {resonance strike}.
  1783 | D:9      | Noticed a polar bear
  1810 | D:10     | Entered Level 10 of the Dungeon
  1820 | D:10     | Noticed a hill giant
  1824 | D:10     | Paralysed by a chaos spawn for 3 turns
  1913 | D:10     | Turgon: Don't you use cards?
  1926 | D:10     | Noticed a manticore
  1950 | D:10     | Reached XP level 9. HP: 75/87 MP: 11/11
  1952 | D:10     | Killed a manticore
  1952 | D:10     | Reached skill level 5 in Fighting
  1952 | D:10     | Reached skill level 9 in Unarmed Combat
  2004 | D:10     | Found a flagged portal.
  2019 | Bailey   | Entered a bailey
  2086 | Bailey   | Received a gift from Nemelex Xobeh
  2238 | Bailey   | Noticed an orc knight
  2239 | Bailey   | Noticed an orc knight
  2269 | Bailey   | Turgon: Nasty fire island
  2273 | Bailey   | Noticed a red devil
  2346 | Bailey   | Killed an orc knight
  2346 | Bailey   | Reached skill level 5 in Invocations
  2361 | Bailey   | Turgon: ?? bailey
  2362 | Bailey   | beem: bailey[1/3]: A forbidden dungeon of the mad chevalier. A timed portal vault. Has a monster theme (gnolls, orcs, or elves) and a weapon theme (axes, polearms, or crossbows). Loot is anywhere between "some crappy axes" and "multiple scrolls of acquirement."
  2372 | Bailey   | Killed an orc knight
  2372 | Bailey   | Reached skill level 10 in Unarmed Combat
  2385 | Bailey   | Got a translucent shield
  2398 | Bailey   | Identified the -3 shield of the Lobster {rC+ Str+2 Int+2} (You found it in a bailey)
  2408 | Bailey   | Noticed an orc knight
  2442 | Bailey   | Killed an orc knight
  2442 | Bailey   | Reached XP level 10. HP: 80/98 MP: 11/13
  2561 | D:11     | Reached *** piety under Nemelex Xobeh
  2641 | D:10     | Killed a hill giant
  2655 | D:9      | Found an opulent altar of Gozag.
  2655 | D:9      | Found Gozag's Platinum Reserve.
  2957 | D:11     | Reached skill level 5 in Shields
  2957 | D:11     | Reached skill level 11 in Unarmed Combat
  2958 | D:11     | Noticed an eight-headed hydra
  2971 | D:11     | Killed an eight-headed hydra
  3009 | D:11     | Noticed a purple ugly thing
  3018 | D:11     | Killed a purple ugly thing
  3028 | D:11     | Gained mutation: You expend magic power (3 MP) to strengthen your wands. [mutagenic meat]
  3031 | D:11     | Gained mutation: You are clumsy. (Dex -2) [mutagenic meat]
  3034 | D:11     | Gained mutation: Your muscles are strong. (Str +2) [mutagenic meat]
  3079 | D:12     | Received a gift from Nemelex Xobeh
  3079 | D:12     | Noticed a hill giant
  3210 | D:15     | Entered Level 15 of the Dungeon
  3220 | D:15     | Noticed a gargoyle
  3248 | D:15     | Killed a gargoyle
  3263 | D:15     | Noticed a hill giant
  3312 | D:14     | Noticed a skeletal warrior
  3344 | D:14     | Killed a skeletal warrior
  3344 | D:14     | Reached XP level 11. HP: 64/107 MP: 14/14
  3373 | D:14     | Noticed a skeletal warrior
  3399 | D:14     | Killed a skeletal warrior
  3428 | D:14     | Noticed a skeletal warrior
  3428 | D:14     | Noticed a skeletal warrior
  3455 | D:14     | Killed a skeletal warrior
  3468 | D:14     | Killed a skeletal warrior
  3468 | D:14     | Reached skill level 12 in Unarmed Combat
  3482 | D:14     | Got a wavering tin ring
  3484 | D:14     | Identified the ring of Soishruig {rPois rF+ MR+ Stlth-} (You found it on level 14 of the Dungeon)
  3490 | D:14     | Noticed a hill giant
  3499 | D:14     | Killed a hill giant
  3563 | D:13     | Noticed a green ugly thing
  3572 | D:13     | Killed a green ugly thing
  3578 | D:13     | Gained mutation: You have a pair of small antennae on your head. [mutagenic meat]
  3581 | D:13     | Gained mutation: Your mind is acute. (Int +2) [mutagenic meat]
  3584 | D:13     | Lost mutation: You are clumsy. (Dex -2) [mutagenic meat]
  3587 | D:13     | Gained mutation: Your magical capacity is low. (-10% MP) [mutagenic meat]
  3614 | D:13     | Got a jewelled falchion
  3631 | D:13     | Noticed a hill giant
  3638 | D:13     | Killed a hill giant
  3642 | D:13     | Noticed Nessos
  3689 | D:13     | Killed an unseen horror
  3725 | D:14     | Noticed a centaur warrior
  3741 | D:14     | Killed a centaur warrior
  3903 | D:15     | Noticed a phantasmal warrior
  3916 | D:14     | Reached **** piety under Nemelex Xobeh
  3929 | D:14     | Noticed a tengu warrior
  3967 | D:15     | Killed a phantasmal warrior
  3999 | D:14     | Noticed a tengu warrior
  4089 | D:13     | Noticed a red ugly thing
  4095 | D:13     | Killed a red ugly thing
  4102 | D:13     | Gained mutation: Armour fits poorly on your strangely shaped body. [mutagenic meat]
  4102 | D:13     | Received a gift from Nemelex Xobeh
  4143 | D:12     | Found a staircase to the Orcish Mines.
  4265 | D:12     | Killed a hill giant
  4268 | D:12     | Noticed a hill giant
  4274 | D:12     | Killed a hill giant
  4371 | D:12     | Reached skill level 13 in Unarmed Combat
  4371 | D:12     | Reached XP level 12. HP: 112/119 MP: 15/15
  4441 | D:12     | Found Ecred's Jewellery Shoppe.
  4548 | Orc:1    | Entered Level 1 of the Orcish Mines
  4747 | Orc:2    | Entered Level 2 of the Orcish Mines
  4748 | Orc:2    | Found Foixor's Book Shop.
  4755 | Orc:2    | Noticed a stone giant
  4779 | Orc:2    | Killed a stone giant
  4918 | Orc:2    | Paralysed by an orc sorcerer for 2 turns
  4956 | Orc:2    | Noticed an orc high priest
  4979 | Orc:2    | Killed an orc high priest
  5034 | Orc:2    | Found a staircase to the Elven Halls.
  5184 | Orc:2    | Received a gift from Nemelex Xobeh
  5214 | Orc:2    | Found a roughly hewn altar of Beogh.
  5387 | Orc:2    | Noticed an orc high priest
  5417 | Orc:2    | Killed an orc high priest
  5467 | Orc:2    | Noticed an orc high priest
  5488 | Orc:2    | Killed an orc high priest
  5568 | Orc:2    | Reached skill level 14 in Unarmed Combat
  5715 | Orc:2    | Noticed an orc high priest
  5731 | Orc:2    | Killed an orc high priest
  5736 | Orc:2    | Found Ruunetoc's General Store.
  5736 | Orc:2    | Found Dirin's Armour Shop.
  5738 | Orc:2    | Found Itues's Antique Weapon Shoppe.
  5738 | Orc:2    | Found Betrut's Antique Armour Shop.
  5752 | Orc:2    | Bought a runed cloak for 126 gold pieces
  6052 | D:9      | Killed Erica
  6081 | Lair:1   | Entered Level 1 of the Lair of Beasts
  6113 | Lair:1   | Reached XP level 13. HP: 103/130 MP: 16/16
  6127 | Lair:1   | Received a gift from Nemelex Xobeh
  6248 | Lair:3   | Reached ***** piety under Nemelex Xobeh
  6308 | Lair:2   | Received a gift from Nemelex Xobeh
  6463 | Lair:5   | Found a staircase to the Slime Pits.
  6618 | Lair:6   | Entered Level 6 of the Lair of Beasts
  6624 | Lair:6   | Received a gift from Nemelex Xobeh
  6844 | Lair:6   | Reached skill level 10 in Invocations
  6887 | Lair:6   | Found a frozen archway.
  6907 | IceCv    | Entered an ice cave
  7165 | IceCv    | Noticed a frost giant
  7186 | IceCv    | Gained mutation: Your spells are a little easier to cast, but a little less powerful. [a neqoxec]
  7199 | IceCv    | Killed a frost giant
  7213 | IceCv    | Received a gift from Nemelex Xobeh
  7346 | Lair:6   | Reached skill level 10 in Fighting
  7655 | Lair:6   | Reached XP level 14. HP: 142/143 MP: 18/18
  7666 | Lair:6   | Reached skill level 10 in Shields
  7711 | Lair:6   | Reached skill level 1 in Spellcasting
  7956 | Lair:6   | Identified the cursed +3 falchion of Naeliu {vamp, rF++} (You found it on level 13 of the Dungeon)
  8025 | Lair:6   | Received a gift from Nemelex Xobeh
  8434 | Elf:1    | Entered Level 1 of the Elven Halls
  8495 | Elf:1    | Identified Vithiank's Volume of Combed Thunderclap
  8499 | Elf:1    | Learned a level 2 spell: Repel Missiles
  8577 | Elf:1    | Noticed a storm dragon
  8584 | Elf:1    | Killed a storm dragon
  8584 | Elf:1    | Reached skill level 5 in Spellcasting
  8778 | Elf:1    | Found a ruined silver gateway.
  8829 | Desolati | Entered the Desolation of Salt
  9226 | Desolati | Noticed an imperial myrmidon
  9254 | Desolati | Killed an imperial myrmidon
  9329 | Desolati | Received a gift from Nemelex Xobeh
  9437 | Desolati | Reached XP level 15. HP: 117/149 MP: 22/22
  9842 | Desolati | Reached skill level 5 in Dodging
  9915 | Desolati | jacquesderrida: Dangarn
  9944 | Desolati | jacquesderrida: >>>>>>>>>>>>>>>>PleasingFungus' Fantasy-theme Torture Dungeon
  9962 | Desolati | jacquesderrida: themed*****
  9997 | Desolati | jacquesderrida: Read that shit meng
 10026 | Desolati | jacquesderrida: That was a flesh machines with spikes
 10044 | Desolati | jacquesderrida: Made to catch slaves...
 10052 | Desolati | jacquesderrida: Sikkkk
 10056 | Desolati | Noticed an imperial myrmidon
 10071 | Desolati | Killed an imperial myrmidon
 10085 | Desolati | jacquesderrida: wew
 10139 | Desolati | Gained mutation: You are frail. (-10% HP) [mutagenic meat]
 10156 | Desolati | Noticed an imperial myrmidon
 10404 | Desolati | 4thArraOfDagon: @?? imperial myrmidon
 10404 | Desolati | beem: imperial myrmidon (p)
                  | Spd:
    12 | HD: 16   | HP: 62-88
                  | AC/EV: 4/21
                  | Dam: 30(vuln)
                  | weapons, items, doors, spellcaster
                  | Res: magic(60)
                  | XP: 1679
                  | Sp: slow, confuse, agony
                  | Sz: Medium
                  | Int: human.
 10404 | Desolati | jacquesderrida: wew
 10414 | Desolati | jacquesderrida: show flavour ples
 10436 | Desolati | jacquesderrida: wow mayne...
 10439 | Desolati | jacquesderrida: >>>>>>>>that balance
 10450 | Desolati | HP: 5/134 [crystal guardian (41)]
 10451 | Desolati | Mangled by a saltling

Vault maps used:
D:1:      noname_arrival_rooms_in_the_neighbourhood, grunt_decor_resistance,
          interstate_on_off, minmay_shallow_snake_nest
D:2:      first_bread
D:3:      lemuel_upstairs_altar, ecumenical_altar_2, uniq_natasha, uniq_jessica,
          uniq_sigmund
D:4:      minmay_vboxes
D:5:      portal_sewer_entry_d
D:6:      kennysheep_housing_project, minmay_checkerbox
D:7:      kennysheep_steamy
D:8:      hangedman_pestilent_swarm, uniq_psyche
D:9:      serial_ice, serial_ice_b, serial_ice_h, serial_ice_l, serial_ice_e,
          nicolae_gozag_zags_fifth_avenue, uniq_erica
D:10:     enter_bailey_3
D:11:     dragon1_lemuel, serial_column_ruins, column_ruins_hut_pillars,
          column_ruins_open_medium, column_ruins_grid_1, column_ruins_grid_1,
          column_ruins_open_medium
D:12:     orc_david_3, serial_shops, kennysheep_mini_moat
D:13:     lightli_vaults_fourway_checkpoint, uniq_nessos
D:14:     infiniplex_staircase_zigzag_4, evilmike_minifort
D:15:     grunt_enter_depths_hoard, minmay_misc_feat_tower
Lair:1:   grunt_megastairs_2
Lair:3:   grunt_megastairs_1
Lair:4:   minmay_shoals_entry_lonely_mermaid, minmay_snake_entry_guardpost_small
Lair:5:   minmay_slime_entry_pillars
Lair:6:   grunt_lair_end_beastmaster, portal_ice_cave_entry_pillars_1,
          nicolae_quartered_pool_little, serial_bayou_shore_a,
          infiniplex_staircase_pool
Orc:1:    guppyfry_orc_lava_fort
Orc:2:    grunt_orc_tribal_feast, serial_shops, nicolae_shop_window_shopping,
          nicolae_orc_lost_temple
Elf:1:    minmay_shoctagon, portal_desolation_entry_twin_temple, st_stairs_10,
          bh_hangedman_babel_library, uniq_louise
Sewer:    sewer_fruit_machine
Bailey:   bailey_polearm_1, bailey
IceCv:    ice_cave_small_giant

Skill      XL: |  1  2  3  4  5  6  7  8  9 10 11 12 13 14 15 |
---------------+----------------------------------------------+-----
Fighting       | 2 3 4 5 6 7 8 10 | 10.0
Unarmed Combat | 4 5 6 7 8 10 11 13 14 | 14.0
Invocations    | 1 2 3 4 5 6 7 9 10 11 | 11.0
Shields        | 1 3 4 5 6 8 9 10 | 10.0
Spellcasting   | 7 |  7.0
Dodging        | 3 7 |  7.3
Throwing       | |  1.7

Action                   |  1- 3 |  4- 6 |  7- 9 | 10-12 | 13-15 || total
-------------------------+-------+-------+-------+-------+-------++-------
Melee: Unarmed           |    29 |    74 |   235 |   625 |   908 ||  1871
       Punch             |       |     1 |       |       |       ||     1
Throw: Throwing net      |       |     3 |     2 |     3 |     2 ||    10
 Cast: Repel Missiles    |       |       |       |       |     1 ||     1
Evoke: Deck              |     2 |     2 |    11 |     5 |    38 ||    58
       Wand              |       |     2 |    11 |     2 |     5 ||    20
       Sack of spiders   |       |       |       |       |     3 ||     3
  Use: Scroll            |       |     3 |     6 |     6 |    14 ||    29
       Potion            |       |       |     3 |     1 |     6 ||    10
 Stab: Sleeping          |       |     1 |       |       |       ||     1
       Distracted        |       |       |       |       |     2 ||     2
       Petrifying        |       |       |       |       |     1 ||     1
       Held in net/web   |       |       |       |       |     3 ||     3
       Petrified         |       |       |       |       |     3 ||     3
  Eat: Chunk             |     6 |     4 |    20 |    40 |    44 ||   114
       Meat ration       |       |       |     1 |       |       ||     1
       Pizza             |       |       |       |     1 |     1 ||     2
Armor: Robe              |     6 |    16 |    54 |     1 |       ||    77
       Skin              |       |       |     9 |       |       ||     9
       Troll hide        |       |       |       |    24 |       ||    24
       Troll leather arm |       |       |       |    44 |   117 ||   161
Dodge: Dodged            |    13 |    24 |    80 |   203 |   360 ||   680
       Deflected         |       |       |       |       |     1 ||     1
Block: Shield            |       |       |   117 |   144 |   280 ||   541
